 Dungeon Crawl Stone Soup version 0.31-a0-564-g3b7de120b3 (webtiles) character file.

Game seed: 7091719933875909863

7093 Pooter the Cleaver (level 10, -1/91 HPs)
             Began as a Minotaur Berserker on Aug 17, 2023.
             Was a Believer of Trog.
             Slain by a yak (12 damage)
             ... on level 10 of the Dungeon.
             The game lasted 00:39:41 (8698 turns).

Pooter the Cleaver (Minotaur Berserker)             Turns: 8698, Time: 00:39:41

Health: -1/91      AC: 19    Str: 33    XL:     10   Next: 84%
Magic:  9/9        EV:  4    Int:  4    God:    Trog [**....]
Gold:   528        SH:  9    Dex:  9    Spells: 9/9 levels left

rFire   + . .        a - +2 broad axe
rCold   + . .        B - +0 tower shield
rNeg    . . .        h - +0 gold dragon scales
rPois   +            (helmet restricted)
rElec   +            A - +0 cloak
rCorr   +            (no gloves)
SInv    .            c - +2 pair of boots of the Bagpipe {Fly rElec Regen+}
Will    .....        (no amulet) Stlth
                     j - +6 ring of strength
HPRegen 1.15/turn    C - ring of resist corrosion
MPRegen 0.11/turn

%: no passive effects
@: marked, on berserk cooldown, flying, slowed, very slow
A: horns 2, retaliatory headbutt
a: Renounce Religion, Berserk, Trog's Hand


You were on level 10 of the Dungeon.
You worshipped Trog.
Trog was pleased with you.
You visited 1 branch of the dungeon, and saw 10 of its levels.

You collected 528 gold pieces.

Inventory:

Hand Weapons
 a - a +2 broad axe (weapon)
   (You found it on level 5 of the Dungeon)
 b - a +5 sling of freezing
   (You took it off Joseph on level 7 of the Dungeon)
 i - a +1 demon whip of venom
   (You took it off Amaemon on level 8 of the Dungeon)
 p - a +2 quarterstaff of draining
   (You took it off Joseph on level 7 of the Dungeon)
 v - a +0 flail
   (You found it on level 3 of the Dungeon)
 y - a +0 trident
   (You found it on level 6 of the Dungeon)
Missiles
 l - 16 poisoned darts
 u - 3 boomerangs
 E - 2 atropa-tipped darts
 Q - 90 stones (quivered)
Armour
 c - the +2 pair of boots of the Bagpipe (worn) {Fly rElec Regen+}
   (You acquired it on level 7 of the Dungeon)

   rElec:     It insulates you from electricity.
   Fly:       It grants you flight.
   Regen+:    It increases your rate of health regeneration.
 h - +0 gold dragon scales (worn)
   (You found it on level 7 of the Dungeon)
 A - a +0 cloak (worn)
   (You found it on level 6 of the Dungeon)
 B - a +0 tower shield (worn)
   (You found it on level 6 of the Dungeon)
Jewellery
 g - a +6 ring of intelligence
   (You found it on level 2 of the Dungeon)
 j - a +6 ring of strength (left hand)
   (You found it on level 2 of the Dungeon)
 C - a ring of resist corrosion (right hand)
   (You found it on level 2 of the Dungeon)
 H - a ring of flight
   (You found it on level 8 of the Dungeon)
Wands
 D - a wand of digging (3)
   (You found it on level 5 of the Dungeon)
Scrolls
 d - a scroll of fear
 m - a scroll of immolation {!r}
 q - a scroll of summoning
 G - a scroll of vulnerability {!r}
Potions
 e - a potion of heal wounds {unknown}
 f - 2 potions of might
 k - 2 potions of brilliance {unknown}
 n - a potion of resistance {unknown}
 o - a potion of mutation {unknown}
 r - a potion of magic {unknown}
 s - 2 potions of enlightenment {unknown}
 t - a potion of attraction {unknown}
 w - a potion of lignification {unknown}
 F - a potion of curing {unknown}


   Skills:
 + Level 9.5 Fighting
 * Level 12.7 Axes
 * Level 11.1 Ranged Weapons
 + Level 5.3 Armour
 - Level 2.1 Dodging
 - Level 0.4 Stealth


You had 9 spell levels left.
You didn't know any spells.
Your spell library was empty.

Dungeon Overview and Level Annotations

Branches:
Dungeon (10/15) Zot: 26997  Temple (0/1) D:4            Lair (0/5) D:8
    Orc: D:9-12

Altars:
Makhleb
Ru
Trog
Lugonu

Portals:
Abyss: D:5

Annotations:
D:4 4 runed translucent doors, Crazy Yiuf; IdlyInterested's ghost, amateur DsGl


Innate Abilities, Weirdness & Mutations

You have a pair of horns on your head.
You reflexively headbutt those who attack you in melee.


Message History

You assume a fearsome visage.
The orange demon looks frightened!
The killer bee looks frightened! x4; The orc warrior looks frightened!
The orc priest looks frightened!
The orc looks frightened!
The yak resists with some effort.
The yak looks frightened! x2
The yak resists with some effort.
The yak looks frightened!
You feel very sick.
A goblin comes into view. It is wielding a +0 hand axe.
The orc nearly stumbles in trying to escape.
A goblin comes into view. It is wielding a +0 hand axe.
You feel sick. The yak gores you but does no damage. The yak gores you!
* * * LOW HITPOINT WARNING * * *
Okay, then.
Unknown command.
Unknown command.
Your +5 sling of freezing stops glowing.
a - a +2 broad axe (weapon)
You feel sick.
A goblin comes into view. It is wielding a +0 hand axe.
A red film seems to cover your vision as you go berserk!
You feel yourself moving faster!
You feel mighty!
You feel sick. The yak gores you.
* * * LOW HITPOINT WARNING * * *
The yak gores you but does no damage. You block the yak's attack. x2
Found a glowing long sword.
You feel a strong urge to attack something.
Your skin stops crawling.
You feel less strong-willed.
You feel sick. The yak gores you.
* * * LOW HITPOINT WARNING * * *
Cornered, the orc warrior turns to fight!
The yak gores you.
* * * LOW HITPOINT WARNING * * *
Cornered, the yak turns to fight!
A goblin comes into view. It is wielding a +0 hand axe.
There is a stone staircase leading down, spattered with blood here.
Unknown command.
You feel sick. You block the goblin's attack. The yak barely misses you. x2
You furiously retaliate!
You headbutt the yak!
You fly downwards.
You feel your anger nearly subside.
You are no longer berserk.
You are exhausted.
You feel as though you will be slow longer.
You feel sick.
You are no longer poisoned.
There is a stone staircase leading up here.
You completely miss the yak. You headbutt the yak! You hit the goblin.
You kill the goblin!
Trog accepts your kill.
You closely miss the yak. You block the yak's attack.
The yak gores you but does no damage. The yak gores you!
You die...

#. ...#
#.....#
+.....#
..#..#
....#
...#
#)Y#
#@Y#
#..#
...#
....#
..##.#
... .#
###. .#
+ .#


You could see 2 yaks.

Vanquished Creatures
  2 two-headed ogres
  Amaemon (D:8)
  Pikel (D:7)
  Joseph (D:7)
  Grinder (D:4)
  A vampire (D:6)
  A yak (D:8)
  4 wyverns
  A wraith (D:8)
  3 steam dragons (D:8)
  Menkaure (D:4)
  2 water moccasins
  4 black bears
  An ogre (D:6)
  2 sky beasts (D:6)
  2 centaurs
  4 wolves (D:8)
  A phantom (D:7)
  2 kobold brigands
  2 lemures (D:7)
  A bullfrog (D:8)
  2 gnoll sergeants (D:7)
  5 scorpions
  4 howler monkeys
  3 hounds
  6 orc priests
  2 sleepcaps
  A gnoll bouda (D:4)
  A jelly (D:8)
  3 iguanas
  8 orc wizards
  Robin (D:2)
  14 gnolls
  6 adders
  A shadow imp (D:6)
  3 white imps
  3 ufetubi (D:6)
  A worm (D:3)
  2 dart slugs
  21 orcs
  8 ball pythons
  2 endoplasms
  6 giant cockroaches
  A hobgoblin (D:2)
  3 jackals (D:5)
  10 kobolds
  2 quokkas (D:4)
  7 bats
  2 frilled lizards
  9 goblins
  5 rats
180 creatures vanquished.

Vanquished Creatures (others)
  2 orcs (D:9)
  A lurking horror (D:5)
3 creatures vanquished.

Grand Total: 183 creatures vanquished

Notes
Turn   | Place    | Note
-------+----------+-------------------------------------------
     0 | D:1      | Pooter the Minotaur Berserker began the quest for the Orb.
     0 | D:1      | Reached XP level 1. HP: 19/19 MP: 0/0
   613 | D:2      | Reached XP level 2. HP: 27/27 MP: 1/1
   649 | D:2      | Noticed Robin
   652 | D:2      | Reached skill level 4 in Axes
   654 | D:2      | Reached skill level 1 in Ranged Weapons
   658 | D:2      | Killed Robin
   784 | D:2      | Reached XP level 3. HP: 33/33 MP: 2/2
  2022 | D:3      | Reached ** piety under Trog
  2023 | D:3      | Reached XP level 4. HP: 39/40 MP: 3/3
  2054 | D:3      | Found a sacrificial altar of Ru.
  2119 | D:3      | Found a burning altar of Makhleb.
  2507 | D:4      | Reached skill level 5 in Axes
  2584 | D:4      | Found a bloodstained altar of Trog.
  2584 | D:4      | Noticed a black bear
  2584 | D:4      | Noticed a black bear
  2595 | D:4      | Identified the +4 mace "Peasenenn" {flame, Str+2}
  2595 | D:4      | Identified the +1 chain mail of Indecent Exposure {Stlth+}
  2596 | D:4      | Found a runed translucent gate.
  2597 | D:4      | Found a runed translucent gate.
  2598 | D:4      | Noticed IdlyInterested's ghost (amateur DsGl)
  2598 | D:4      | Found a runed translucent gate.
  2606 | D:3      | Killed a black bear
  2607 | D:3      | Reached XP level 5. HP: 47/47 MP: 4/4
  2610 | D:4      | Killed a black bear
  2611 | D:4      | Reached skill level 6 in Axes
  2611 | D:4      | Reached XP level 6. HP: 55/55 MP: 5/5
  2694 | D:4      | Noticed Menkaure
  2704 | D:4      | Killed Menkaure
  2705 | D:4      | Reached skill level 5 in Fighting
  2850 | D:4      | Found a staircase to the Ecumenical Temple.
  2877 | D:4      | Noticed Grinder
  2889 | D:4      | Paralysed by Grinder for 2 turns
  2895 | D:4      | Killed Grinder
  2896 | D:4      | Reached skill level 7 in Axes
  2896 | D:4      | Reached skill level 5 in Ranged Weapons
  2896 | D:4      | Reached XP level 7. HP: 61/61 MP: 6/6
  3336 | D:4      | Found a runed translucent door.
  3337 | D:4      | Noticed Crazy Yiuf
  3526 | D:5      | Entered Level 5 of the Dungeon
  4028 | D:5      | Reached XP level 8. HP: 70/70 MP: 7/7
  4111 | D:5      | Found a one-way gate to the infinite horrors of the Abyss.
  4116 | D:5      | Found a corrupted altar of Lugonu.
  4673 | D:6      | Reached skill level 8 in Axes
  5526 | D:6      | Reached skill level 9 in Axes
  5679 | D:6      | Upgraded the game from 0.31-a0-557-g6e16503903 to
                  | 0.31-a0-564-g3b7de120b3
  6020 | D:7      | Identified a scroll of acquirement
  6020 | D:7      | Acquired the +2 pair of boots of the Bagpipe {Fly rElec
                  | Regen+}
  6062 | D:7      | Noticed Pikel
  6077 | D:7      | Killed Pikel
  6078 | D:7      | Reached skill level 10 in Axes
  6078 | D:7      | Reached XP level 9. HP: 79/79 MP: 8/8
  6274 | D:7      | Noticed Joseph
  6288 | D:7      | Killed Joseph
  6487 | D:7      | Reached skill level 11 in Axes
  7490 | D:8      | Reached XP level 10. HP: 86/90 MP: 9/9
  7570 | D:8      | Found a staircase to the Lair.
  7767 | D:8      | Noticed a two-headed ogre
  7774 | D:8      | Killed a two-headed ogre
  7775 | D:8      | Reached skill level 10 in Ranged Weapons
  7777 | D:8      | Reached *** piety under Trog
  7900 | D:8      | Reached skill level 12 in Axes
  8533 | D:9      | Noticed Amaemon
  8533 | D:9      | Noticed an orange demon
  8541 | D:9      | Noticed a two-headed ogre
  8548 | D:9      | Killed a two-headed ogre
  8556 | D:8      | Reached skill level 5 in Armour
  8608 | D:8      | Killed Amaemon
  8697 | D:10     | Entered Level 10 of the Dungeon
  8698 | D:10     | Slain by a yak

Illustrated notes

Levels and vault maps discovered:
D:1:      mushboom_english_gardens, layout_loops_cross, hangedman_decor_growths
D:2:      layout_basic, uniq_robin
D:3:      layout_basic, nicolae_overflow_hidden_temple, bloody_makhleb
D:4:      layout_cave_pools, trog_ov_bears_minmay, minmay_temple_entry_wispy,
          biasface_ghost_orc_armoury, uniq_grinder, uniq_menkaure,
          uniq_crazy_yiuf_cottage
D:5:      layout_basic, palyth_stone_intersect, amcnicky_altar_lugonu_corruption
D:6:      layout_gridville
D:7:      layout_rooms, uniq_pikel, uniq_joseph
D:8:      layout_loops_corners, minmay_lair_entry_grove
D:9:      layout_cross, overflow_temple_1_default, enter_bailey_3,
          serial_column_ruins, column_ruins_hut_pillars,
          column_ruins_hut_ruined, column_ruins_columns_corner,
          column_ruins_open_tiny, column_ruins_columns_dead_end, uniq_amaemon
D:10:     layout_stronghold, david_orc_1_choice

Skill      XL: |  1  2  3  4  5  6  7  8  9 10 |
---------------+-------------------------------+-----
Axes           | 4 5 6 7 10 11 12 | 12.7
Ranged Weapons | 1 2 3 4 5 6 8 9 11 | 11.1
Fighting       | 4 5 6 7 8 9 |  9.5
Armour         | 3 5 |  5.3
Dodging        | |  2.1
Stealth        | |  0.4

Action                     |  1- 3 |  4- 6 |  7- 9 | 10-12 || total
---------------------------+-------+-------+-------+-------++-------
  Melee: Hand axe          |    36 |       |       |       ||    36
         Headbutt          |    10 |     2 |    30 |    12 ||    54
         Flail             |     6 |    23 |       |       ||    29
         Punch             |       |     1 |     3 |       ||     4
         War axe           |       |     8 |    40 |       ||    48
         Broad axe         |       |       |   162 |    68 ||   230
   Fire: Sling             |    61 |    43 |    69 |    25 ||   198
  Throw: Stone             |       |     2 |     5 |     2 ||     9
         Dart              |       |       |     5 |       ||     5
 Invoke: Berserk           |     3 |     3 |    10 |     5 ||    21
         Trog's Hand       |       |       |     7 |     4 ||    11
    Use: Scroll            |     2 |       |     9 |     4 ||    15
 Armour: Animal skin       |     3 |       |       |       ||     3
         Chain mail        |    40 |    20 |   113 |       ||   173
         Gold dragon scale |       |       |     7 |    68 ||    75
  Dodge: Dodged            |    31 |    22 |    73 |    20 ||   146
  Block: Tower shield      |       |       |    70 |    53 ||   123

Table legend: (Time is in decaauts)
 A = Elapsed time spent in this place.
 B = Non-inter-level travel time spent in this place.
 C = Inter-level travel time spent in this place.
 D = Time resting spent in this place.
 E = Time spent auto-exploring this place.
 F = Levels seen in this place.
 G = Mean time per level.
                   A        B        C        D        E       F      G
               +--------+--------+--------+--------+--------+-----+--------+
         Total |   9027 |   8675 |    352 |   2176 |   4987 |  10 |  902.7 |
       Dungeon |   9027 |   8675 |    352 |   2176 |   4987 |  10 |  902.7 |
               +--------+--------+--------+--------+--------+-----+--------+

Top non-repeatable levels by time:
     D:7: 1439 daAuts
     D:8: 1438 daAuts
     D:6: 1308 daAuts
     D:5: 1125 daAuts
     D:2: 1092 daAuts
     D:4: 1085 daAuts
     D:3: 869 daAuts
     D:1: 605 daAuts
     D:9: 62 daAuts
    D:10: 0 daAuts
